 Dungeon Crawl Stone Soup version 0.30.0-20-g3615ddf2f0 (webtiles) character file.

Game seed: 14930469400426091380

62 qw the Chopper (level 4, 0/28 HPs)
             Began as a Gargoyle Fighter on May 29, 2023.
             Slain by a hobgoblin (6 damage)
             ... led by Robin
             ... on level 2 of the Dungeon.
             The game lasted 00:00:38 (1168 turns).

qw the Chopper (Gargoyle Fighter)                   Turns: 1168, Time: 00:00:38

Health: 0/28       AC: 10    Str: 22    XL:     4   Next: 8%
Magic:  4/4        EV:  9    Int:  8    God:
Gold:   61         SH:  4    Dex:  9    Spells: 3/3 levels left

rFire   . . .        Y - +0 war axe
rCold   . . .        c - +0 buckler
rNeg    + . .        b - +0 scale mail
rPois   inf          (no helmet)
rElec   +            (no cloak)
rCorr   .            (no gloves)
SInv    .            (no boots)
Will    .....        (no amulet) Stlth
                     (no ring)
HPRegen 0.24/turn    (no ring)
MPRegen 0.09/turn

%: no passive effects
@: no status effects
A: sickness immunity, AC +3, negative energy resistance 1, electricity
resistance, torment resistance 1, petrification resistance
a: no special abilities


You were on level 2 of the Dungeon.
You visited 1 branch of the dungeon, and saw 2 of its levels.

You collected 110 gold pieces.
You spent 49 gold pieces at shops.


Innate Abilities, Weirdness & Mutations

You are immune to sickness and miasma.
Your stone body is resilient. (AC +3)
You are immune to poison.
You resist negative energy. (rN+)
You are resistant to electric shocks. (rElec)
You are resistant to unholy torment.
You are immune to petrification.


   Skills:
 - Level 3.2 Fighting
 + Level 3.8 Axes
 - Level 3.2 Armour
 - Level 3.2 Shields


You had 3 spell levels left.
You didn't know any spells.
Your spell library was empty.

Inventory:

Hand Weapons
 h - a +0 club
 Y - a +0 war axe (weapon)
Armour
 b - a +0 scale mail (worn)
 c - a +0 buckler (worn)
 k - a +0 chain mail
 n - a +0 helmet
Scrolls
 a - a scroll of enchant armour {unknown}
 f - 2 scrolls of fog {unknown}
 g - a scroll of identify {unknown}
 m - a scroll of immolation {unknown}
 o - a scroll of blinking {unknown}
Potions
 d - a potion of might
 e - a potion of curing {unknown}
 i - a potion of berserk rage {unknown}
 j - a potion of flight {unknown}
 l - a potion of invisibility {unknown}
 p - a potion of haste {unknown}

Dungeon Overview and Level Annotations

Branches:
Dungeon (2/15)

Altars:
Wu Jian

Shops:
D:2 [=


Message History

The goblin wields a +0 dagger.
The goblin hits you but does no damage.
You slash Robin!
Robin is almost dead.
You hit the hobgoblin. You hit the goblin.
The hobgoblin no longer looks unusually strong.
The goblin hits you but does no damage. The hobgoblin barely misses you.
You block the hobgoblin's attack.
You hit Robin.
Robin is almost dead.
You barely miss the hobgoblin. You hit the hobgoblin.
You kill the hobgoblin!
You hit the goblin.
You kill the goblin!
Robin misses you. The hobgoblin barely misses you.
You hit Robin but do no damage.
Robin is almost dead.
You hit the hobgoblin but do no damage.
Robin roars a battlecry!
The hobgoblin goes into a battle-frenzy!
The hobgoblin closely misses you.
You slash Robin!
You kill Robin!
You barely miss the hobgoblin.
The hobgoblin hits you but does no damage.
The hobgoblin hits you.
You have reached level 4!
You feel stronger.
You closely miss the hobgoblin. The hobgoblin hits you.
You barely miss the hobgoblin. The hobgoblin barely misses you.
You barely miss the hobgoblin. The hobgoblin hits you.
The hobgoblin hits you but does no damage.
You barely miss the hobgoblin. The hobgoblin closely misses you.
You barely miss the hobgoblin. The hobgoblin barely misses you.
You barely miss the hobgoblin. The hobgoblin hits you. x2
You die...

...... # ..... ###
#. .... #.# #..
... #.# #... ..##
#.# #.... ..# #.#
#.....#)### #.####
......)@).# #.##..
###.###g#.# #.....
#.......# ##....
#####...### #....
#..######
#.....########....
#......##
#.#.#.............
####..####
#.#.#########?....
#........# #....##
##....
####........#
##.#..###### ##...


You could see a hobgoblin (strong).

Vanquished Creatures
  Robin (D:2)
  An adder (D:2)
  A worm (D:2)
  An endoplasm (D:2)
  2 giant cockroaches
  8 goblins (D:2)
  4 hobgoblins (D:2)
  4 quokkas
  A ball python (D:1)
  5 bats
  2 frilled lizards (D:1)
  4 kobolds (D:1)
  4 rats
38 creatures vanquished.

Notes
Turn   | Place    | Note
-------+----------+-------------------------------------------
     0 | D:1      | qw the Gargoyle Fighter began the quest for the Orb.
     0 | D:1      | Reached XP level 1. HP: 14/14 MP: 1/1
     0 | D:1      | 0 ||| qw: Version: 0.2-a-101-gf424e7f
     0 | D:1      | 0 ||| qw: Game counter: 307
     0 | D:1      | 0 ||| qw: Always use a shield: true
     0 | D:1      | 0 ||| qw: God list: Okawaru
     0 | D:1      | 0 ||| qw: Allow faded altars: false
     0 | D:1      | 0 ||| qw: Do Orc after D:15 true
     0 | D:1      | 0 ||| qw: Do second Lair branch before Depths: true
     0 | D:1      | 0 ||| qw: Lair rune preference: random
     0 | D:1      | 0 ||| qw: Plans: Normal, Zot:1-4, Slime:5, God:TSO, Crypt,
                  | Tomb, Pan, Hells, Abyss, Win
     0 | D:1      | 0 ||| PLANNING D:1-11
    40 | D:1      | 40 ||| Stepping ~*~*~tactically~*~*~ (hiding).
    41 | D:1      | 41 ||| Stepping ~*~*~tactically~*~*~ (hiding).
    42 | D:1      | 42 ||| Stepping ~*~*~tactically~*~*~ (hiding).
    43 | D:1      | 43 ||| Stepping ~*~*~tactically~*~*~ (hiding).
    44 | D:1      | 44 ||| Stepping ~*~*~tactically~*~*~ (stealth).
   203 | D:1      | Reached XP level 2. HP: 14/19 MP: 2/2
   224 | D:1      | 224 ||| Stepping ~*~*~tactically~*~*~ (hiding).
   227 | D:1      | 227 ||| Stepping ~*~*~tactically~*~*~ (hiding).
   740 | D:1      | 740 ||| DROPPING orb of mayhem.
   741 | D:1      | 741 ||| DROPPING amulet of faith.
   742 | D:1      | 742 ||| READING scroll labelled OGGUAREJIU.
   743 | D:1      | 743 ||| READING scroll labelled VYENI KEPOAMO.
   857 | D:2      | Found an ornate altar of the Wu Jian Council.
   868 | D:2      | Reached skill level 3 in Axes
   896 | D:2      | Reached XP level 3. HP: 23/23 MP: 3/3
  1002 | D:2      | Found Xathrame's Armour Shoppe.
  1009 | D:2      | 1009 ||| BUYING +0 helmet (49 gold).
  1009 | D:2      | Bought a +0 helmet for 49 gold pieces
  1009 | D:2      | 1009 ||| SHOPLISTING +0 plate armour of poison resistance
                  | (297 gold, have 42).
  1009 | D:2      | 1009 ||| SHOPLISTING +0 tower shield (49 gold, have 42).
  1143 | D:2      | Found Otuimy's Jewellery Shop.
  1146 | D:2      | 1146 ||| SHOPLISTING +4 ring of protection (504 gold, have
                  | 61).
  1146 | D:2      | 1146 ||| SHOPLISTING +5 ring of evasion (504 gold, have
                  | 61).
  1146 | D:2      | 1146 ||| SHOPLISTING amulet of Yesterday {Will+ Regen+
                  | Str+4 Dex+3 SInv} (861 gold, have 61).
  1146 | D:2      | 1146 ||| SHOPLISTING amulet of guardian spirit (420 gold,
                  | have 61).
  1146 | D:2      | 1146 ||| SHOPLISTING amulet of reflection (420 gold, have
                  | 61).
  1146 | D:2      | 1146 ||| SHOPLISTING ring of protection from fire (350
                  | gold, have 61).
  1146 | D:2      | Noticed Robin
  1162 | D:2      | Killed Robin
  1163 | D:2      | Reached XP level 4. HP: 15/28 MP: 4/4
  1168 | D:2      | HP: 6/28 [hobgoblin[Robin] (6)]
  1168 | D:2      | Slain by a hobgoblin

Levels and vault maps discovered:
D:1:      minmay_arrival_floating_metal, layout_basic
D:2:      layout_rooms, basic_altar, serial_shops, shop,
          nicolae_shop_behind_doors, uniq_robin

Skill      XL: |  1  2 |
---------------+-------+-----
Axes           | 2 3 |  3.8
Fighting       | |  3.2
Armour         | |  3.2
Shields        | |  3.2

Action                     |  1- 3 |  4- 6 || total
---------------------------+-------+-------++-------
  Melee: War axe           |    86 |     6 ||    92
    Use: Scroll            |     2 |       ||     2
 Armour: Scale mail        |    53 |     1 ||    54
  Dodge: Dodged            |    47 |     3 ||    50
  Block: Buckler           |    12 |       ||    12

Table legend:
 A = Non-vault XP
 B = Vault XP
 C = Vault XP percentage of total XP
 D = Non-vault monster count
 E = Vault monster count
 F = Vault count percentage of total count
                 A         B        C        D         E       F
            +---------+---------+-------+---------+---------+-------
      Total |      56 |      33 |  37.1 |      28 |      10 |  26.3
            +---------+---------+-------+---------+---------+-------
        D:1 |      17 |       0 |   0.0 |      13 |       0 |   0.0
        D:2 |      39 |      33 |  45.8 |      15 |      10 |  40.0
            +---------+---------+-------+---------+---------+-------
